AoeStats
← waltwhite

Black Forest

508235254Analyzed
4v4 RM · 11d ago on Sep 21, 2026· 56m 56s· 8 players
Game mode
Random Map
Map size
Large (8 player)
Population
200
Speed
Normal
Resources
Standard
Victory
Conquest
Starting age
Dark Age
Ending age
Imperial Age
RankedLock teamsTeams togetherTeam positionsShared explorationLock speedFull tech treeHidden civsTurbo modeCheats
Victory
Defeat
🇨🇳 Tatars · China
677
+13
🇲🇽 Bohemians · Mexico
634
+15
🇨🇿 Byzantines · Czechia
609
+16
🇩🇪 Bohemians · Germany
595
+17
🇨🇱 Huns · Chile
774
-22
🇦🇷 Celts · Argentina
635
-16
🇺🇸 Vikings · United States
524
-12
🇺🇸 Poles · United States
510
-11
chuchorex123
0:29 Loom
13:18 Feudal Age
15:08 Double-Bit Axe
19:00 Wheelbarrow
23:22 Castle Age
22:08 Horse Collar
22:27 Town Watch
24:53 Bow Saw
25:22 Town Patrol
25:40 Fervor
25:52 Caravan
30:49 Hand Cart
33:16 Imperial Age
31:46 Heavy Plow
35:18 Two-Man Saw
34:05 Pikeman
36:21 Chemistry
35:41 Ballistics
35:32 Fortified Wall
36:17 Halberdier
37:04 Squires
37:20 Forging
38:31 Houfnice
39:35 Elite Hussite Wagon
40:06 Arson
41:19 Treadmill Crane
41:45 Siege Engineers
42:21 Coinage
42:04 Guilds
43:27 Wagenburg Tactics
47:32 Iron Casting
46:57 Scale Mail Armor
51:44 Chain Mail Armor
52:30 Blast Furnace
53:23 Conscription
52:34 Sappers
53:29 Bombard Tower
52:54 Arrowslits
53:00 Guard Tower
53:43 Plate Mail Armor
53:48 Banking
55:30 Padded Archer Armor
55:36 Scale Barding Armor
55:44 Redemption
55:35 Atonement
57:22 Sanctity
57:02 Devotion
57:19 Leather Archer Armor
56:55 Fletching
57:26 Chain Barding Armor
56:32 Man-at-Arms
Andrew2405
16:06 Feudal Age
18:01 Wheelbarrow
17:12 Town Watch
18:16 Double-Bit Axe
18:14 Horse Collar
22:04 Castle Age
24:35 Hand Cart
24:21 Town Patrol
24:50 Bow Saw
26:48 Caravan
27:36 Heavy Plow
29:29 Forging
31:13 Chemistry
35:26 Imperial Age
33:28 Treadmill Crane
34:09 Ballistics
36:00 Houfnice
37:54 Coinage
37:35 Guilds
38:48 Two-Man Saw
39:15 Iron Casting
38:31 Fletching
38:42 Padded Archer Armor
38:42 Scale Mail Armor
38:55 Masonry
38:56 Fortified Wall
39:07 Bombard Tower
44:33 Blast Furnace
43:48 Chain Mail Armor
43:49 Leather Archer Armor
43:29 Bodkin Arrow
44:01 Conscription
43:48 Wagenburg Tactics
54:43 Architecture
54:09 Murder Holes
54:20 Siege Engineers
54:06 Guard Tower
54:03 Arrowslits
54:51 Ring Archer Armor
54:22 Bracer
54:53 Plate Mail Armor
54:11 Loom
54:07 Sappers
54:43 Hussite Reforms
53:59 Elite Hussite Wagon
56:06 Heavy Scorpion
56:07 Onager
56:07 Capped Ram
56:12 Elite Skirmisher
56:20 Crossbowman
56:57 Arson
57:12 Squires
56:33 Pikeman
56:34 Man-at-Arms
57:24 Husbandry
56:56 Arbalester
Cobrojed
2:47 Loom
14:03 Feudal Age
14:33 Double-Bit Axe
14:30 Horse Collar
15:28 Wheelbarrow
22:21 Castle Age
20:34 Stone Mining
20:55 Gold Mining
22:26 Fletching
22:45 Scale Barding Armor
23:13 Heavy Plow
23:25 Bow Saw
24:19 Hand Cart
27:10 Fortified Wall
31:05 Treadmill Crane
31:23 Pikeman
32:03 Squires
32:44 Elite Skirmisher
36:43 Imperial Age
36:26 Gold Shaft Mining
36:30 Stone Shaft Mining
37:59 Ballistics
38:39 Chemistry
37:36 Murder Holes
39:01 Two-Man Saw
38:34 Crop Rotation
38:18 Heavy Camel Rider
39:00 Husbandry
38:24 Halberdier
39:31 Forging
39:22 Scale Mail Armor
39:23 Padded Archer Armor
39:18 Bodkin Arrow
40:36 Arson
41:20 Conscription
41:39 Hoardings
42:55 Bombard Tower
43:56 Light Cavalry
43:57 Cavalier
45:00 Guard Tower
47:38 Iron Casting
47:24 Chain Barding Armor
47:19 Leather Archer Armor
47:05 Bracer
47:20 Chain Mail Armor
47:47 Elite Cataphract
48:38 Logistica
48:30 Hussar
53:39 Plate Barding Armor
53:34 Plate Mail Armor
53:35 Ring Archer Armor
57:04 Guilds
913093710
9:54 Loom
14:20 Feudal Age
20:24 Castle Age
19:54 Stone Mining
20:05 Double-Bit Axe
20:05 Horse Collar
20:54 Forging
20:41 Gold Mining
26:31 Wheelbarrow
27:08 Caravan
28:06 Hand Cart
28:18 Heavy Plow
30:51 Bow Saw
35:14 Imperial Age
32:49 Silk Armor
33:15 Caravan
35:26 Bloodlines
35:24 Scale Barding Armor
35:55 Iron Casting
35:11 Fletching
36:27 Gold Shaft Mining
36:42 Chain Barding Armor
36:37 Timurid Siegecraft
37:11 Crop Rotation
37:09 Husbandry
37:33 Conscription
36:51 Elite Keshik
37:22 Pikeman
38:04 Murder Holes
40:50 Blast Furnace
41:33 Chemistry
42:28 Plate Barding Armor
41:49 Bodkin Arrow
41:55 Padded Archer Armor
43:57 Heavy Cavalry Archer
50:40 Ballistics
50:24 Bracer
50:41 Leather Archer Armor
Kayak
11:44 Feudal Age
12:22 Double-Bit Axe
12:20 Horse Collar
14:27 Wheelbarrow
17:55 Gold Mining
18:12 Stone Mining
21:10 Castle Age
22:10 Hand Cart
22:45 Bow Saw
23:04 Heavy Plow
29:15 Forging
29:11 Scale Barding Armor
31:58 Bloodlines
31:48 Husbandry
31:10 Light Cavalry
32:32 Iron Casting
32:17 Chain Barding Armor
35:14 Imperial Age
36:14 Lechitic Legacy
36:16 Conscription
37:05 Blast Furnace
38:51 Crop Rotation
39:04 Stone Shaft Mining
38:34 Winged Hussar
42:36 Elite Obuch
waltwhite
15:08 Feudal Age
14:48 Loom
19:23 Man-at-Arms
19:50 Arson
21:46 Horse Collar
28:00 Castle Age
28:13 Scale Barding Armor
49:22 Pikeman
StuckHades054
0:43 Loom
15:15 Feudal Age
16:36 Wheelbarrow
15:43 Horse Collar
15:51 Double-Bit Axe
16:23 Stone Mining
16:24 Gold Mining
22:01 Castle Age
20:10 Town Watch
23:07 Bow Saw
23:15 Hand Cart
23:02 Heavy Plow
25:54 Gold Shaft Mining
33:58 Imperial Age
30:53 Pikeman
31:19 Arson
31:34 Squires
32:00 Ballistics
32:57 Town Patrol
33:26 Caravan
33:48 Elite Skirmisher
34:34 Thumb Ring
35:50 Two-Man Saw
35:19 Halberdier
36:01 Marauders
36:22 Atheism
36:41 Elite Tarkan
37:35 Bloodlines
37:26 Husbandry
37:25 Light Cavalry
38:03 Murder Holes
39:09 Chemistry
39:13 Conscription
39:25 Scale Barding Armor
39:21 Scale Mail Armor
39:31 Forging
39:12 Fletching
39:23 Padded Archer Armor
40:16 Masonry
40:55 Chain Barding Armor
41:36 Parthian Tactics
40:32 Heavy Cavalry Archer
41:02 Capped Ram
42:10 Chain Mail Armor
42:40 Iron Casting
46:16 Hussar
48:26 Plate Barding Armor
48:07 Leather Archer Armor
47:47 Bodkin Arrow
48:52 Blast Furnace
GuadaDeArco
0:27 Loom
15:41 Feudal Age
19:33 Double-Bit Axe
19:40 Gold Mining
22:50 Horse Collar
25:26 Castle Age
23:55 Forging
23:45 Scale Mail Armor
23:38 Fletching
23:48 Padded Archer Armor
23:44 Stone Mining
26:54 Leather Archer Armor
26:35 Bodkin Arrow
27:23 Bow Saw
28:35 Wheelbarrow
27:45 Town Watch
29:21 Gambesons
29:46 Treadmill Crane
30:27 Ballistics
32:26 Hand Cart
32:53 Fervor
33:53 Gold Shaft Mining
34:23 Caravan
34:58 Heavy Plow
35:01 Town Patrol
34:27 Pikeman
34:53 Arson
34:29 Man-at-Arms
35:24 Murder Holes
35:21 Guard Tower
36:46 Stone Shaft Mining
36:03 Long Swordsman
36:36 Stronghold
37:25 Fortified Wall
38:26 Masonry
41:47 Imperial Age
39:31 Heated Shot
40:25 Iron Casting
40:05 Chain Mail Armor
39:56 Scale Barding Armor
43:45 Conscription
43:38 Furor Celtica
42:49 Elite Woad Raider
44:05 Hoardings
44:51 Blast Furnace
44:06 Chain Mail Armor
43:48 Halberdier
43:49 Two-Handed Swordsman
44:00 Two-Handed Swordsman
50:18 Chain Mail Armor
Connection lost

Rejoining the realm…

Still unreachable

The connection could not be restored.

Session expired

The server has moved on; the page needs a fresh start.